 Seeded DCSS version 0.30.0-10-gfe55d96785 (webtiles) character file.

Game seed: 10090500252402427320 (custom seed)

79 GigaChad the Covered (level 4, 0/40 HPs)
             Began as a Minotaur Fighter on May 15, 2023.
             Was an Initiate of Trog.
             Slain by a mummy (5 damage)
             ... in an ossuary.
             The game lasted 00:02:23 (1580 turns).

GigaChad the Covered (Minotaur Fighter)             Turns: 1580, Time: 00:02:24

Health: 0/40       AC: 14    Str: 22    XL:     4   Next: 17%
Magic:  3/3        EV:  8    Int:  5    God:    Trog [......]
Gold:   120        SH:  4    Dex:  8    Spells: 3/3 levels left

rFire   . . .        a - +0 war axe
rCold   . . .        c - +0 buckler
rNeg    + . .        g - +5 chain mail "Wion" {rPois rN+ Will+ Dex-2}
rPois   +            (helmet restricted)
rElec   .            (no cloak)
rCorr   .            (no gloves)
SInv    .            (no boots)
Will    +....        (no amulet) Stlth
                     (no ring)
HPRegen 0.26/turn    (no ring)
MPRegen 0.08/turn

%: no passive effects
@: no status effects
A: horns 2, retaliatory headbutt
a: Renounce Religion


You were in an ossuary.
You worshipped Trog.
Trog was noncommittal.
You visited 2 branches of the dungeon, and saw 4 of its levels.
You also visited: Ossuary.

You collected 120 gold pieces.

Inventory:

Hand Weapons
 a - a +0 war axe (weapon)
Armour
 b - a +0 scale mail
 c - a +0 buckler (worn)
 g - the +5 chain mail "Wion" (worn) {rPois rN+ Will+ Dex-2}
   (You acquired it on level 2 of the Dungeon)

   Dex:       It affects your dexterity (-2).
   rPois:     It protects you from poison.
   rN:        It protects you from negative energy.
   Will:      It increases your willpower.
 n - the +5 ring mail "Dyhon" {rN+ Str+4 Dex-3}
   (You found it on level 4 of the Dungeon)

   Str:       It affects your strength (+4).
   Dex:       It affects your dexterity (-3).
   rN:        It protects you from negative energy.
Scrolls
 h - 2 scrolls of identify
 i - a scroll of acquirement
 k - 2 scrolls of teleportation
 m - a scroll of magic mapping {unknown}
Potions
 d - 2 potions of might
 e - a potion of flight {unknown}
 f - 2 potions of brilliance {unknown}
 j - 2 potions of haste {unknown}
 l - 2 potions of curing {unknown}
 o - a potion of mutation {unknown}


   Skills:
 * Level 4.3 Fighting
 * Level 3.5 Axes
 * Level 4.5 Armour
 * Level 4.1 Shields


You had 3 spell levels left.
You didn't know any spells.
Your spell library was empty.

Dungeon Overview and Level Annotations

Branches:
Dungeon (4/15)             Temple (1/1) D:4         Ossuary (1/1)

Altars:
Ashenzari
Dithmenos
Nemelex Xobeh
Qazlal
Trog
Wu Jian
The Shining One


Innate Abilities, Weirdness & Mutations

You have a pair of horns on your head.
You reflexively headbutt those who attack you in melee.


Message History

The mummy is heavily damaged.
You barely miss the mummy. You hit the mummy but do no damage.
The mummy is heavily damaged.
You barely miss the mummy. The mummy hits you. You block the mummy's attack.
Unknown command.
You hit the mummy.
You headbutt the mummy, but do no damage.
The mummy is severely damaged.
You barely miss the mummy. The mummy completely misses you. The mummy hits you.
Unknown command.
You barely miss the mummy.
The mummy is severely damaged.
You barely miss the mummy. You block the mummy's attack. The mummy hits you.
Unknown command.
You completely miss the mummy.
The mummy is severely damaged.
You barely miss the mummy. The mummy hits you but does no damage.
The mummy hits you!
* * * LOW HITPOINT WARNING * * *
You are too injured to fight recklessly!
Unknown command.
You are too injured to fight recklessly!
You are too injured to fight recklessly!
Unknown command.
Unknown command.
You hit the mummy.
You destroy the mummy!
Trog accepts your kill.
You barely miss the mummy. x2; You block the mummy's attack.
The mummy hits you.
* * * LOW HITPOINT WARNING * * *
You have reached level 4!
You feel agile.
Found a potion of might.
Unknown command.
Unknown command.
You slash the mummy!
The mummy is severely damaged.
You hit the mummy. The mummy hits you but does no damage. The mummy hits you.
You die...

.? #^# ###+###
#.# ##....^##
##.+
##.......###..#
#.........#...+
+....⌠....'...#
#.........#.M.+
##.......###.@#
##.....## ##M+
###'### #.# #.#
#.# ##.## ...
#.∩.# !!! #.∩.#
#### #####


You could see 2 mummies.

Vanquished Creatures
  An iguana (D:4)
  A mummy (Ossuary)
  4 orcs (D:4)
  A bat (D:1)
  2 endoplasms (D:4)
  3 giant cockroaches
  5 goblins
  4 hobgoblins
  4 quokkas
  2 frilled lizards (D:1)
  4 kobolds
  A rat (D:1)
32 creatures vanquished.

Notes
Turn   | Place    | Note
-------+----------+-------------------------------------------
     0 | D:1      | GigaChad the Minotaur Fighter began the quest for the Orb.
     0 | D:1      | Reached XP level 1. HP: 19/19 MP: 0/0
   343 | D:1      | Reached XP level 2. HP: 27/27 MP: 1/1
   773 | D:2      | Identified a scroll of acquirement
   773 | D:2      | Acquired the +5 chain mail "Wion" {rPois rN+ Will+ Dex-2}
   852 | D:2      | Found a sparkling altar of Nemelex Xobeh.
   960 | D:2      | You fall into a shaft and drop 2 floors!
   982 | D:4      | Found a staircase to the Ecumenical Temple.
  1006 | D:4      | Identified the +5 ring mail "Dyhon" {rN+ Str+4 Dex-3}
  1046 | Temple   | Entered the Ecumenical Temple
  1071 | Temple   | Became a worshipper of Trog the Wrathful
  1166 | D:4      | Reached XP level 3. HP: 7/33 MP: 2/2
  1529 | D:4      | Found a sand-covered staircase.
  1557 | Ossuary  | Entered an ossuary
  1579 | Ossuary  | Reached XP level 4. HP: 4/40 MP: 3/3
  1580 | Ossuary  | Slain by a mummy

Illustrated notes

Levels and vault maps discovered:
D:1:      nzn_arrival_settlement, layout_loops_corners, serial_bayou_ford_a,
          nicolae_kite_square_tiling_tiny
D:2:      layout_basic, basic_altar, uniq_crazy_yiuf_cottage
D:4:      layout_basic, temple_hall, chequers_ossuary_entry_cave
Temple:   eino_temple_scatter_basement
Ossuary:  ossuary_crypta

Skill      XL: |  1  2  3 |
---------------+----------+-----
Fighting       | 4 |  4.3
Armour         | 4 |  4.5
Shields        | 4 |  4.1
Axes           | 3 |  3.5

Action                     |  1- 3 |  4- 6 || total
---------------------------+-------+-------++-------
  Melee: War axe           |    78 |     1 ||    79
         Headbutt          |     9 |       ||     9
    Use: Scroll            |     3 |       ||     3
 Armour: Scale mail        |    21 |       ||    21
         Chain mail        |    30 |     1 ||    31
  Dodge: Dodged            |    23 |       ||    23
  Block: Buckler           |    23 |       ||    23
